 Dungeon Crawl Stone Soup version 0.26.0-16-gc1dbca0489 (webtiles) character file.

Game seed: 1608377437125223122

142 sizableburger the Conjurer (level 5, 0/38 HPs)
             Began as a Draconian Conjurer on Jan 20, 2021.
             Was an Initiate of Sif Muna.
             Slain by Crazy Yiuf
             ... wielding a +3 quarterstaff of chaos
              (1 damage)
             ... on level 2 of the Dungeon.
             The game lasted 00:07:54 (2895 turns).

sizableburger the Conjurer (Draconian Conjurer)     Turns: 2895, Time: 00:07:55

Health: 0/38       AC:  5    Str:  9    XL:     5   Next: 3%
Magic:  5/9        EV: 12    Int: 19    God:    Sif Muna [......]
Gold:   104        SH:  0    Dex: 10    Spells: 3/10 levels left

rFire    . . .     SeeInvis .   (no weapon)
rCold    . . .     Faith    .   (no shield)
rNeg     . . .     Spirit   .   (armour unavailable)
rPois    .         Reflect  .   (helmet restricted)
rElec    .         Harm     .   (no cloak)
rCorr    .         Rampage  .   (no gloves)
Will     .....                  (no boots)
Stlth    ++........             a - amulet of inaccuracy (curse)
HPRegen  0.12/turn              (no ring)
MPRegen  0.11/turn              (no ring)

@: lethally poisoned (0 -> -6), flying
A: unfitting armour, cold-blooded, AC +5
a: Renounce Religion


You were on level 2 of the Dungeon.
You worshipped Sif Muna.
Sif Muna was noncommittal.
You visited 1 branch of the dungeon, and saw 2 of its levels.

You collected 104 gold pieces.

Inventory:

Jewellery
 a - a cursed amulet of inaccuracy (around neck)
 d - an uncursed amulet of guardian spirit
 g - an uncursed amulet of regeneration {unknown}
Wands
 h - a wand of flame (14)
Potions
 c - a potion of haste {unknown}
 e - a potion of mutation {unknown}
 f - a potion of curing {unknown}
 i - a potion of might {unknown}


   Skills:
 + Level 3.0 Dodging
 - Level 1.7 Stealth
 - Level 3.0 Spellcasting
 + Level 4.8 Conjurations
 + Level 0.5 Hexes
 + Level 0.5 Invocations


You had 3 spell levels left.
You knew the following spells:

 Your Spells              Type           Power        Failure   Level
a - Magic Dart            Conj           84%          1%          1
b - Searing Ray           Conj           42%          3%          2
c - Fulminant Prism       Conj/Hex       6%           45%         4

Your spell library contained the following spells:

 Spells                   Type           Power        Failure   Level
 Sandblast                Erth           4%           16%         1
 Dazzling Flash           Conj/Hex       26%          16%         3
 Iskenderun's Mystic Bla  Conj/Tloc      12%          50%         4


Dungeon Overview and Level Annotations

Branches:
Dungeon (2/15)

Altars:
Sif Muna
Trog

Annotations:
D:2 Crazy Yiuf


Innate Abilities, Weirdness & Mutations

Your plain brown scales are hard. (AC +5)
You cannot fit into any form of body armour.
You are cold-blooded and may be slowed by cold attacks.


Message History

(Press . to maintain the ray.) Crazy Yiuf hits you with a +3 quarterstaff of chaos!!
The searing ray misses Crazy Yiuf.
Crazy Yiuf hits you with a +3 quarterstaff of chaos!
* * * LOW HITPOINT WARNING * * *
You feel yourself slow down. Crazy Yiuf freezes you.
* * * LOW HITPOINT WARNING * * *
The searing ray hits Crazy Yiuf.
Crazy Yiuf is severely wounded.
Crazy Yiuf hits you with a +3 quarterstaff of chaos.
* * * LOW HITPOINT WARNING * * *
You are lethally poisoned!
It was a potion of flight.
You feel very buoyant.
You fly up into the air.
You feel yourself speed up.
* * * LOW HITPOINT WARNING * * *
You feel sick.
Crazy Yiuf hits you with a +3 quarterstaff of chaos.
You die...

############.........รท..###.
#.......................# ##
#.##########............# #
#.# ########....##### #.#
#...###... #.########
#####...## #.#..P.#.### ###
##.### #.......#..##...#
####..# #....P#####@g...#
#....##### ##...P# ###..)#
#.##...... ###### ###
#....##### ######


You could see Crazy Yiuf.

Vanquished Creatures
  Natasha (thrice) (D:2)
  A gnoll (D:2)
  A white imp (D:2)
  An ooze (D:2)
  A worm (D:1)
  2 dart slugs
  A leopard gecko (D:2)
  3 giant cockroaches
  5 goblins (D:1)
  6 hobgoblins
  2 jackals (D:2)
  3 kobolds
  6 bats
  A frilled lizard (D:1)
  7 rats
43 creatures vanquished.

Vanquished Creatures (others)
  2 fungi (D:2)
2 creatures vanquished.

Grand Total: 45 creatures vanquished

Notes
Turn   | Place    | Note
-------+----------+-------------------------------------------
     0 | D:1      | sizableburger the Draconian Conjurer began the quest for
                  | the Orb.
     0 | D:1      | Reached XP level 1. HP: 14/14 MP: 3/3
   251 | D:1      | Reached XP level 2. HP: 20/20 MP: 1/5
   408 | D:1      | Learned a level 2 spell: Searing Ray
  1011 | D:2      | Reached XP level 3. HP: 23/26 MP: 1/6
  1406 | D:2      | Noticed Natasha
  2065 | D:2      | Killed Natasha
  2066 | D:2      | Reached XP level 4. HP: 33/33 MP: 3/8
  2124 | D:2      | Noticed Natasha
  2127 | D:2      | Killed Natasha
  2205 | D:2      | Learned a level 4 spell: Fulminant Prism
  2210 | D:2      | Found a shimmering blue altar of Sif Muna.
  2279 | D:2      | Identified Sif Muna's Papyrus of the Mountains
  2282 | D:2      | Became a worshipper of Sif Muna the Loreminder
  2287 | D:2      | Found a bloodstained altar of Trog.
  2557 | D:2      | Noticed Natasha
  2566 | D:2      | Killed Natasha
  2567 | D:2      | Reached XP level 5. HP: 18/38 MP: 1/9
  2855 | D:2      | Found a runed translucent door.
  2856 | D:2      | Noticed Crazy Yiuf
  2895 | D:2      | HP: 1/38 [poisoned by Crazy Yiuf]
  2895 | D:2      | Slain by Crazy Yiuf

Illustrated notes

Levels and vault maps discovered:
D:1:      lightli_arrival_farm, layout_basic
D:2:      layout_rooms, nzn_overflow_gifts_of_might_and_magic,
          uniq_crazy_yiuf_cottage, uniq_natasha

Skill      XL: |  1  2  3  4 |
---------------+-------------+-----
Dodging        | 2 3 |  3.0
Spellcasting   | 3 |  3.0
Stealth        | |  1.7
Conjurations   | |  4.8
Hexes          | |  0.5
Invocations    | |  0.5

Action                   |  1- 3 |  4- 6 || total
-------------------------+-------+-------++-------
Melee: Unarmed           |    30 |     2 ||    32
       Tailslap          |     2 |     1 ||     3
 Cast: Magic Dart        |    48 |       ||    48
       Searing Ray       |    12 |    12 ||    24
  Use: Scroll            |     2 |     1 ||     3
       Potion            |       |     1 ||     1
Armor: Skin              |    15 |     2 ||    17
Dodge: Dodged            |    42 |     7 ||    49
